 Dungeon Crawl Stone Soup version 0.25-a0-36-g303dd5b1f4 (webtiles) character file.

Game seed: 18135681387927487411, levelgen mode: deterministic

1500 Flugkiller the Vexing (level 8, 0/52 HPs)
             Began as an Octopode Enchanter on Oct 20, 2019.
             Was a Follower of Kikubaaqudgha.
             Slain by Prince Ribbit (14 damage)
             ... on level 6 of the Dungeon.
             The game lasted 00:14:13 (6560 turns).

Flugkiller the Vexing (Octopode Enchanter)          Turns: 6560, Time: 00:14:14

Health: 0/52       AC:  3    Str:  8    XL:     8   Next: 81%
Magic:  4/15       EV: 15    Int: 19    God:    Kikubaaqudgha [*.....]
Gold:   257        SH:  0    Dex: 10    Spells: 7/17 levels left

rFire    x . .     SeeInvis .   a - +2 dagger (speed)
rCold    + . .     Gourm    +   (no shield)
rNeg     . . .     Faith    .   d - +2 hat
rPois    .         Spirit   .   s - amulet of the gourmand (curse)
rElec    .         Reflect  .   u - ring of ice
rCorr    .         Harm     .   k - -2 ring of dexterity (curse)
MR       .....                  (no ring)
Stlth    ++++......             (no ring)
HPRegen  0.17/turn              (no ring)
MPRegen  0.14/turn              (no ring)
                                (no ring)
                                (no ring)

@: no status effects
A: almost no armour, stealthy swim, amphibious, 8 rings, constrict 8, camouflage
1, gelatinous body 1
a: Receive Corpses, Renounce Religion


You were on level 6 of the Dungeon.
You worshipped Kikubaaqudgha.
Kikubaaqudgha was aware of your devotion.
You were completely stuffed.

You visited 1 branch of the dungeon, and saw 6 of its levels.

You collected 257 gold pieces.

Inventory:

Hand Weapons
 a - a +2 dagger of speed (weapon)
   (You took it off a goblin on level 1 of the Dungeon)
 b - a +2 dagger of draining
   (You took it off a goblin on level 3 of the Dungeon)
 v - a +1 dagger of venom
   (You found it on level 4 of the Dungeon)
 F - a +1 rapier of draining
   (You found it on level 5 of the Dungeon)
Missiles
 t - a throwing net (quivered)
 y - 4 poisoned darts
 D - 6 curare-tipped darts
Armour
 d - a +2 hat (worn)
   (You found it on level 1 of the Dungeon)
Jewellery
 k - a cursed -2 ring of dexterity (right tentacle)
   (You found it on level 3 of the Dungeon)
 p - an uncursed amulet of guardian spirit
   (You took it off a goblin on level 3 of the Dungeon)
 s - a cursed amulet of the gourmand (around mantle)
   (You found it on level 2 of the Dungeon)
 u - a ring of ice (left tentacle)
   (You found it on level 3 of the Dungeon)
Wands
 g - a wand of paralysis (8)
   (You found it on level 3 of the Dungeon)
 H - a wand of polymorph (8)
   (You found it on level 6 of the Dungeon)
Scrolls
 e - 2 scrolls of immolation
 i - a scroll of enchant weapon {unknown}
 j - a scroll of remove curse {unknown}
 l - a scroll of enchant armour
 m - 2 scrolls of magic mapping {unknown}
 o - a scroll of teleportation {unknown}
 q - 3 scrolls of fog
 r - a scroll of brand weapon {unknown}
 x - a scroll of amnesia
 J - a scroll of fear {unknown}
Potions
 f - 3 potions of flight
 n - 2 potions of lignification {unknown}
 w - a potion of heal wounds {unknown}
 z - 2 potions of brilliance {unknown}
 A - a potion of magic {unknown}
 B - a potion of resistance {unknown}
 C - a potion of ambrosia
 E - a potion of haste {unknown}
 G - a potion of invisibility
 I - a potion of might {unknown}
 L - a potion of agility {unknown}
Comestibles
 c - 13 rations
 K - 4 chunks of flesh


   Skills:
 - Level 3.3 Fighting
 - Level 2.0 Short Blades
 - Level 5.3 Dodging
 + Level 5.4 Stealth
 - Level 5.2 Spellcasting
 - Level 6.1 Hexes
 - Level 1.6 Necromancy
 - Level 1.1 Ice Magic


You had 7 spell levels left.
You knew the following spells:

 Your Spells              Type           Power        Failure   Level  Hunger
a - Corona                Hex            ####...      1%          1    None
b - Ensorcelled Hibernat  Hex/Ice        ####..       4%          2    None
c - Confuse               Hex            ####....     2%          3    ##.....
d - Tukima's Dance        Hex            ####....     2%          3    ##.....
P - Animate Skeleton      Necr           N/A          6%          1    None

Your spell library contained the following spells:

 Spells                   Type           Power        Failure   Level  Hunger
 Confusing Touch          Hex            ####..       1%          1    None
 Pain                     Necr           ##..         6%          1    None
 Sublimation of Blood     Necr           ##........   10%         2    None
 Dazzling Spray           Conj/Hex       ###...       11%         3    ##.....
 Regeneration             Chrm/Necr      #.........   26%         3    ##.....
 Gell's Gravitas          Tloc           #.........   36%         3    ##.....
 Metabolic Englaciation   Hex/Ice        ####......   58%         5    #####..
 Yara's Violent Unravell  Hex/Tmut       ###.......   67%         5    #####..
 Petrify                  Tmut/Erth      #.......     77%         4    ####...


Dungeon Overview and Level Annotations

Branches:
Dungeon (6/15)
 Temple: D:4-7

Altars:
Cheibriados
Kikubaaqudgha
Okawaru
Qazlal
Uskayaw

Shops:
D:5 =

Annotations:
D:6 Prince Ribbit


Innate Abilities, Weirdness & Mutations

You cannot wear most types of armour.
You are very stealthy in the water. (Stealth+)
You are amphibious.
You can wear up to eight rings at the same time.
You can use your tentacles to constrict eight enemies at once.
Your skin changes colour to match your surroundings (Stealth+).
Your rubbery body absorbs attacks. (AC +1, EV +1)


Message History

Press: ? - help, Shift-Dir - straight line, f/p - Prince Ribbit
Aim: Prince Ribbit (heavily wounded, chance to defeat MR: 28%) Prince Ribbit easily resists.
Prince Ribbit barely misses you.
Evoke which item? (* to show all) (? for menu, Esc to quit)
Aiming: Paralyse
Press: ? - help, Shift-Dir - straight line, f/p - Prince Ribbit
Aim: Prince Ribbit (heavily wounded, chance to defeat MR: 28%) Prince Ribbit easily resists.
Prince Ribbit closely misses you.
Unknown command.
Prince Ribbit hits you! Prince Ribbit closely misses you.
Prince Ribbit catches a small bird with his tongue.
Casting: Ensorcelled Hibernation (safe; 4% risk of failure)
Confirm with . or Enter, or press ? or * to list all spells.
Aiming: Ensorcelled Hibernation (safe; 4% risk of failure)
Press: ? - help, Shift-Dir - straight line, f - you, p - Prince Ribbit That would be overly suicidal.
Okay, then.
Unknown command.
Prince Ribbit blinks!
Prince Ribbit hits you.
* * * LOW HITPOINT WARNING * * *
Prince Ribbit hits you!
* * * LOW HITPOINT WARNING * * *
You feel better. Prince Ribbit hits you!
* * * LOW HITPOINT WARNING * * *
You feel better. Prince Ribbit hits you!
* * * LOW HITPOINT WARNING * * *
Unknown command.
You feel better. Prince Ribbit hits you.
* * * LOW HITPOINT WARNING * * *
Prince Ribbit hops awkwardly around.
Prince Ribbit barely misses you.
Okay, then.
As you read the scroll labeled EKLISU KOGHAK, it crumbles to dust.
The scroll dissolves into smoke.
It was a scroll of fog.
Prince Ribbit blinks!
Unknown command.
As you read the scroll labeled SAGIBI MEN KAPS, it crumbles to dust.
It is a scroll of enchant armour.
Your +1 hat glows green for a moment.
Prince Ribbit hops awkwardly around.
Prince Ribbit hits you!
* * * LOW HITPOINT WARNING * * *
Unknown command.
You feel better. Prince Ribbit hits you!
You die...
Kikubaaqudgha rasps: "You have failed me!
Welcome... death!"

# . # ##.. # ##....
# ####.....# #
##§§§§...# #
#§§F§§.# # #§.@§# #
#§#### #### ###
#.###########..# #..
#..............###.#
#############....#.#
##.#...# #...÷..
###...÷ #####


You could see Prince Ribbit.

Vanquished Creatures
  Sigmund (D:2)
  3 ice beasts
  A black bear (D:6)
  An ogre (D:6)
  A bullfrog (D:4)
  2 crimson imps (D:5)
  A centaur zombie (D:6)
  A hound (D:6)
  3 orc wizards
  An orc priest (D:4)
  Jessica (D:3)
  Terence (D:3)
  An iguana (D:6)
  4 worker ants
  Robin (D:3)
  5 gnolls
  A howler monkey skeleton (D:6)
  4 adders
  A shadow imp (D:4)
  4 worms
  2 dart slugs
  3 leopard geckos
  12 orcs
  7 giant cockroaches
  19 goblins
  7 hobgoblins
  4 jackals (D:3)
  4 quokkas
  7 bats
  5 frilled lizards
  4 kobolds
  6 rats
118 creatures vanquished.

Vanquished Creatures (collateral kills)
  2 ogres (D:4)
  A bullfrog (D:6)
  A jelly (D:6)
4 creatures vanquished.

Vanquished Creatures (others)
  A dancing weapon (D:6)
1 creature vanquished.

Grand Total: 123 creatures vanquished

Notes
Turn   | Place    | Note
-------+----------+-------------------------------------------
     0 | D:1      | Flugkiller the Octopode Enchanter began the quest for the
                  | Orb.
     0 | D:1      | Reached XP level 1. HP: 11/11 MP: 3/3
   125 | D:1      | Reached skill level 1 in Fighting
   344 | D:1      | Reached XP level 2. HP: 18/18 MP: 5/5
   700 | D:1      | Learned a level 2 spell: Ensorcelled Hibernation
   834 | D:1      | Reached XP level 3. HP: 20/23 MP: 6/6
  1133 | D:2      | Reached skill level 4 in Hexes
  1138 | D:2      | Learned a level 3 spell: Confuse
  1336 | D:2      | Found a stormy altar of Qazlal.
  1669 | D:2      | Noticed Sigmund
  1772 | D:2      | Killed Sigmund
  1772 | D:2      | Reached skill level 6 in Hexes
  1772 | D:2      | Reached XP level 4. HP: 28/28 MP: 3/7
  1772 | D:2      | Reached XP level 5. HP: 33/33 MP: 3/8
  2045 | D:3      | Noticed Terence
  2049 | D:3      | Noticed Jessica
  2051 | D:3      | Killed Jessica
  2051 | D:3      | Reached XP level 6. HP: 38/38 MP: 9/9
  2064 | D:3      | Killed Terence
  2573 | D:3      | Noticed Robin
  2685 | D:3      | Killed Robin
  2760 | D:3      | Found a snail-covered altar of Cheibriados.
  3428 | D:3      | Learned a level 3 spell: Tukima's Dance
  3675 | D:4      | Reached skill level 1 in Ice Magic
  3675 | D:4      | Reached XP level 7. HP: 17/45 MP: 3/11
  3701 | D:4      | Reached skill level 5 in Stealth
  4045 | D:4      | Found an ancient bone altar of Kikubaaqudgha.
  4054 | D:4      | Became a worshipper of Kikubaaqudgha
  4471 | D:5      | Entered Level 5 of the Dungeon
  4476 | D:5      | Found a hide-covered altar of Uskayaw.
  4604 | D:5      | Reached XP level 8. HP: 46/52 MP: 10/14
  5383 | D:5      | Found Iffoukli's Jewellery Shop.
  5676 | D:6      | Reached * piety under Kikubaaqudgha
  5676 | D:6      | Identified Kikubaaqudgha's Volume of Necromancy
                  | (Kikubaaqudgha gifted it to you on level 6 of the Dungeon)
  5676 | D:6      | Received a gift from Kikubaaqudgha
  5676 | D:6      | Reached skill level 5 in Dodging
  5682 | D:6      | Learned a level 1 spell: Animate Skeleton
  5771 | D:6      | Reached skill level 1 in Necromancy
  6121 | D:6      | Reached skill level 5 in Spellcasting
  6303 | D:6      | Found an iron altar of Okawaru.
  6406 | D:6      | Noticed Prince Ribbit
  6560 | D:6      | Slain by Prince Ribbit

Levels and vault maps discovered:
D:1:      dpeg_arrival_long_road, layout_loops_ring
D:2:      layout_loops_ring, nicolae_qazlal_general_emergency, uniq_sigmund
D:3:      layout_basic, kennysheep_slug_shrine, first_ration, uniq_jessica,
          uniq_terence, uniq_robin
D:4:      layout_loops_cross, lemuel_coloured_pillars_altar,
          kennysheep_generic_room_13
D:5:      layout_basic, eat_drink_and_be_merry_uskayaw, serial_shops,
          nicolae_shop_trees
D:6:      layout_basic, lemuel_round_altar, serial_curves, eino_curves_02,
          eino_curves_01, eino_curves_01, lightli_corner_chamber,
          uniq_prince_ribbit1

Skill      XL: |  1  2  3  4  5  6  7  8 |
---------------+-------------------------+-----
Fighting       | 1 2 3 |  3.3
Hexes          | 6 |  6.1
Short Blades   | 2 |  2.0
Ice Magic      | 1 |  1.1
Stealth        | 5 |  5.4
Spellcasting   | 4 5 |  5.2
Dodging        | 3 5 |  5.3
Necromancy     | 1 |  1.6

Action                   |  1- 3 |  4- 6 |  7- 9 || total
-------------------------+-------+-------+-------++-------
Melee: Dagger            |    73 |   153 |   214 ||   440
       Constrict         |    15 |    31 |    26 ||    72
       Tentacles         |    10 |    24 |    44 ||    78
       Rapier            |       |       |     3 ||     3
 Cast: Corona            |     2 |     7 |     9 ||    18
       Confuse           |     1 |     4 |    26 ||    31
       Ensorcelled Hiber |       |     5 |     2 ||     7
       Tukima's Dance    |       |       |     3 ||     3
       Animate Skeleton  |       |       |     4 ||     4
Evoke: Wand              |       |       |     2 ||     2
  Use: Scroll            |       |     4 |     4 ||     8
       Potion            |       |       |     4 ||     4
 Stab: Sleeping          |     6 |     8 |     7 ||    21
       Confused          |       |     2 |     5 ||     7
       Distracted        |       |     1 |     1 ||     2
  Eat: Chunk             |     3 |    20 |    12 ||    35
Armor: Skin              |    10 |    18 |    12 ||    40
Dodge: Dodged            |    40 |    61 |    82 ||   183

Table legend:
 A = Non-vault XP
 B = Vault XP
 C = Vault XP percentage of total XP
 D = Non-vault monster count
 E = Vault monster count
 F = Vault count percentage of total count
                 A         B        C        D         E       F
            +---------+---------+-------+---------+---------+-------
      Total |    1708 |     436 |  20.3 |     105 |      17 |  13.9
            +---------+---------+-------+---------+---------+-------
        D:1 |      40 |       0 |   0.0 |      19 |       0 |   0.0
        D:2 |      52 |     220 |  80.9 |      12 |       1 |   7.7
        D:3 |     115 |     113 |  49.6 |      32 |      15 |  31.9
        D:4 |     321 |     103 |  24.3 |      10 |       1 |   9.1
        D:5 |     541 |       0 |   0.0 |      16 |       0 |   0.0
        D:6 |     639 |       0 |   0.0 |      16 |       0 |   0.0
            +---------+---------+-------+---------+---------+-------
